Cogmind - Beta 16.1 @@@ ROGUE MODE // 2026.03.06 @ 10:16:41 Player: naththebg Result: Destroyed by IQ-9ZJ(R) with Subdweller Machine Gun Performance ------------- Evolutions (0) 0 Regions Visited (2) 400 Robots Destroyed (45) 225 Value Destroyed (1327) 1327 Prototype IDs (18) 360 Alien Tech Used (0) 0 Bonus (0) 0 TOTAL SCORE: 2312 Bonus ------- None Cogmind --------- Core Integrity 0/250 Matter 229/300 Energy 100/100 System Corruption 0% Temperature Cool (0) Movement Treading (240) Ox1 Location -10/Subcaves Parts ------- > --- POWER (1) -------- (None) > --- PROPULSION (2) --- Light Treads > --- UTILITY (2) ------ Large Storage Unit Subdweller Optics > --- WEAPON (2) ------- Subdweller Machine Gun Battle Cannon > --- INVENTORY (15) --- Subdweller Power Source Light Treads Aluminum Leg Aluminum Leg Aluminum Leg Wheel Improved Heat Sink Medium Storage Unit Particle Gun Subdweller Beam Cannon Subdweller Beam Cannon Subdweller Beam Cannon Subdweller Machine Gun Grenade Launcher Grenade Launcher Peak State ------------ > --- POWER ------------ Ion Engine > --- PROPULSION ------- Light Treads Light Treads > --- UTILITY ---------- Improved Heat Sink Large Storage Unit > --- WEAPON ----------- Particle Gun Particle Gun > --- INVENTORY -------- Ion Engine Aluminum Leg Aluminum Leg Aluminum Leg Wheel Medium Storage Unit Core Shielding Assault Rifle Grenade Launcher Grenade Launcher [Rating: 12] Favorites ----------- Power Ion Engine Engine Ion Engine Propulsion Light Treads Treads Light Treads Leg Aluminum Leg Utility Large Storage Unit Device Improved Heat Sink Storage Large Storage Unit Processor Visual Processing Unit Protection Light Armor Plating Weapon Subdweller Beam Cannon Energy Gun Particle Gun Energy Cannon Subdweller Beam Cannon Ballistic Gun Subdweller Machine Gun Ballistic Cannon Battle Cannon Launcher Grenade Launcher Build | -11 -10 -10 ------- Run | Yrd Mat Sub Slots Evolved . | . . . Power . | . . . Propulsion . | . . . Utility . | . . . Weapon . | . . . Parts Attached 30 | 6 11 13 Power 2 | 1 . 1 Engine 2 | 1 . 1 Core . | . . . Reactor . | . . . Propulsion 7 | 2 4 1 Treads 3 | . 2 1 Leg 4 | 2 2 . Wheel . | . . . Hover . | . . . Flight . | . . . Utility 7 | 1 3 3 Device 2 | . 1 1 Storage 2 | 1 1 . Processor 1 | . 1 . Hackware . | . . . Protection 2 | . . 2 Artifact . | . . . Weapon 14 | 2 4 8 Energy Gun 4 | 1 3 . Energy Cannon 3 | . . 3 Ballistic Gun 4 | 1 . 3 Ballistic Cannon 1 | . . 1 Launcher 2 | . 1 1 Special Weapon . | . . . Impact Weapon . | . . . Slashing Weapon . | . . . Piercing Weapon . | . . . Special Melee Weapon . | . . . Unidentified Prototypes . | . . . Parts Lost 6 | . . 6 Power 2 | . . 2 Propulsion 2 | . . 2 Utility 2 | . . 2 Weapon . | . . . Highest Loss Streak 2 | . . 2 To Critical Strikes . | . . . Average Backups 12 | 5 8 14 Power 1 | 1 1 1 Propulsion 5 | 3 4 5 Utility 2 | . . 2 Weapon 4 | . 2 5 Tool/Special . | . . . Unused Backups 8 | . 3 5 Power 2 | . 1 1 Propulsion 3 | . 1 2 Utility 2 | . . 2 Weapon 1 | . 1 . Tool/Special . | . . . Average Slot Usage (%) 97 | . 93 99 Engine 13 | . 14 13 Treads 20 | . 6 27 Leg 7 | . 21 . Device 3 | . 4 3 Storage 14 | . 14 14 Processor 1 | . 3 . Protection 7 | . . 10 Energy Gun 9 | . 18 4 Energy Cannon 11 | . . 16 Ballistic Gun 6 | . 9 5 Peak Build Rating 12 | 6 12 12 Average Rating 10 | 3 8 11 On Entrance 6 | . 6 12 Avg Prop Armor Cover (%) . | . . . Naked Turns . | . . . Heaviest Build 44 | 14 32 44 Greatest Support 40 | 20 40 40 Greatest Overweight (x) 1 | 1 . 1 Average Overweight (x) . | . . . Largest Inventory Capacity 15 | 8 15 15 Average Capacity 13 | 7 9 15 Most Carried 15 | 8 14 15 Average Carried 12 | 5 8 14 Final Capacity 15 | 8 15 15 Final Carried 15 | 6 14 15 Class Distribution -------------------- 95% | Mutant 4% | Scavenger-Mutant Dominant Class ---------------- Mutant | -10/Materials Mutant | -10/Subcaves Resources | -11 -10 -10 ----------- Run | Yrd Mat Sub Matter Collected 700 | 260 268 172 Remotely . | . . . Salvage Created 1455 | . 838 617 Parts 94 | . 52 42 Haulers Intercepted 2 | . 2 . Recyclers Shooed 2 | . 2 . Parts Field Recycled . | . . . Retrieved Matter . | . . . Parts Self-Destructed 17 | . . 17 Prevented . | . . . Parts Restored . | . . . Kills | -11 -10 -10 ------- Run | Yrd Mat Sub Combat Hostiles Destroyed 36 | . 17 19 Guns 19 | . 12 7 Cannons 8 | . . 8 AOE 9 | . 5 4 Classes Destroyed 8 | . 6 2 Builder 3 | . 3 . Hauler 2 | . 2 . Operator 1 | . 1 . Watcher 3 | . 3 . Swarmer 7 | . 3 4 Grunt 16 | . 14 2 Sentry 1 | . . 1 Subdweller 12 | . . 12 Best Kill Streak 6 | . 6 4 Combat Bots Only 4 | . 3 4 Max Kills in Single Turn 3 | . 3 3 Gunslinging . | . . . Exploded 3 | . 2 3 Melee . | . . . Uniques/NPCs Destroyed . | . . . Combat | -11 -10 -10 -------- Run | Yrd Mat Sub Hostile Shots Fired 138 | . 45 93 Missed 52 | . 17 35 Hits 86 | . 28 58 Projectile 86 | . 28 58 Critical Strikes 2 | . . 2 Damage Taken 1419 | . 335 1084 Core 263 | . 89 174 Absorbed by Shields . | . . . Core Remaining (%) 100 | 100 . . Volleys Fired 148 | . 60 88 Largest 2 | . 2 2 Hottest 160 | . 130 160 Shots Fired 247 | . 117 130 Gun 181 | . 114 67 Cannon 61 | . . 61 Launcher 5 | . 3 2 Special . | . . . Kinetic 71 | . 45 26 Thermal 126 | . 24 102 Explosive 5 | . 3 2 Electromagnetic 45 | . 45 . Robot Hit Streak 13 | . 10 13 Robot Miss Streak 7 | . 7 3 Penetration Max . | . . . Secondary Targets 2 | . 2 . Max Gunslinging Chain 1 | . 1 . Shots Hit Robots 152 | . 68 84 Core Hits 66 | . 43 23 Critical Kills . | . . . Critical Parts Destroyed . | . . . Critical Strikes 5 | . 2 3 Burn 3 | . 1 2 Destroy 1 | . . 1 Corrupt 1 | . 1 . Melee Attacks . | . . . Impact . | . . . Slashing . | . . . Piercing . | . . . Sneak Attacks . | . . . Combat Hostiles . | . . . Follow-up Attacks . | . . . Damage Inflicted 3410 | . 1400 2010 Guns 1721 | . 1012 709 Cannons 1105 | . . 1105 Explosions 567 | . 371 196 Melee . | . . . Ramming 17 | . 17 . Kinetic 693 | . 391 302 Thermal 1840 | . 328 1512 Explosive 421 | . 225 196 Electromagnetic 439 | . 439 . Impact . | . . . Slashing . | . . . Piercing . | . . . Highest Corruption . | . . . Average Corruption . | . . . Corruption Purged . | . . . Corruption Blocked . | . . . Overload Shots . | . . . Overflow Damage 10 | . 10 . Projectiles . | . . . Explosions 10 | . 10 . Melee . | . . . Knockbacks 2 | . 1 1 Impact 1 | . 1 . Kinetic 1 | . . 1 Secondary . | . . . Self-Inflicted Damage 15 | . 15 . Shots 1 | . 1 . Rammed . | . . . Targets Rammed 8 | . 8 . Kicked 8 | . 8 . Crushed . | . . . Highest Temperature 126 | . 108 126 Average Temperature 31 | . 26 36 Received Heat Transfer 309 | . 165 144 Siege Activations . | . . . Martial Activations . | . . . Shielding Activations . | . . . Robots Disrupted . | . . . Combat Hostiles . | . . . Robots Corrupted . | . . . Combat Hostiles . | . . . Parts Fried . | . . . Impact Corruptions . | . . . Robots Melted . | . . . Combat Hostiles . | . . . Parts Melted 4 | . . 4 Heat Transferred 3269 | . 568 2701 Parts Sabotaged . | . . . Parts Stolen . | . . . Parts Stripped . | . . . Power Chain Reactions 2 | . 2 . Alert | -11 -10 -10 ------- Run | Yrd Mat Sub Maximum Alert Level 1 | . 1 . Low Security (%) 80 | 100 79 . Level 1 19 | . 20 . Level 2 . | . . . Level 3 . | . . . Level 4 . | . . . Level 5 . | . . . High Security . | . . . Max Security . | . . . Peak Influence 275 | . 275 . Initial . | . . . Average 141 | . 147 . Influence Increases 885 | . 675 210 Destroy 0b10 Robot/C 480 | . 340 140 Destroy 0b10 Robot/NC 45 | . 45 . Destroy Leader 90 | . 80 10 Successful Hack 19 | . 19 . Select Force Hacks 60 | . 60 . Disable Machine 60 | . 60 . Destroy Structure 41 | . 41 . Lose Combat Pursuer 90 | . 30 60 Influence Decreases 885 | . 604 281 Entered New Map 35 | . . 35 Time Decay 700 | . 454 246 Purge Threat 150 | . 150 . Squads Dispatched 3 | . 3 . Investigation 2 | . 2 . Extermination . | . . . Reinforcement 1 | . 1 . Assault . | . . . Garrison . | . . . Intercept . | . . . Searches Triggered . | . . . Construction Impeded . | . . . Haulers Reinforced . | . . . Active Scanning Responses . | . . . Cargo Convoy Interrupts . | . . . Stealth | -11 -10 -10 --------- Run | Yrd Mat Sub Distress Signals 2 | . 2 . Communications Jammed . | . . . Distress Signals . | . . . Times Spotted 51 | . 29 22 Peak Tracking Total 6 | . 4 6 Tactical Retreats 2 | . 1 1 Traps | -11 -10 -10 ------- Run | Yrd Mat Sub Traps Triggered . | . . . Indirectly . | . . . Trap Hack Attempts . | . . . Triggered . | . . . Disarmed . | . . . Reprogrammed . | . . . Reused . | . . . Traps Extracted . | . . . Installed . | . . . Triggered . | . . . Machines | -11 -10 -10 ---------- Run | Yrd Mat Sub Machines Disabled 4 | . 4 . Max in Single Turn 2 | . 2 . Machines Repaired . | . . . Machines Dismantled . | . . . Machines Sabotaged . | . . . Overloaded Fab Kills . | . . . Hacking | -11 -10 -10 --------- Run | Yrd Mat Sub Machines Accessed 8 | . 7 1 Terminals 5 | . 5 . Fabricators . | . . . Repair Stations . | . . . Recycling Units 2 | . 2 . Scanalyzers . | . . . Garrison Access . | . . . Total Hacks 27 | . 26 1 Successful 12 | . 11 1 Failed 15 | . 15 . Catastrophic 2 | . 2 . Database Lockouts . | . . . Manual 16 | . 16 . Terminals 20 | . 20 . Fabricators . | . . . Repair Stations . | . . . Recycling Units 6 | . 6 . Scanalyzers . | . . . Garrison Access . | . . . Terminal Hacks 7 | . 6 1 Prototype ID Bank 3 | . 3 . Unreport Threat 1 | . 1 . Locate Traps 1 | . 1 . Zone Layout 1 | . 1 . Proto ID Catalog 1 | . . 1 Fabricator Hacks . | . . . Repair Station Hacks . | . . . Recycling Unit Hacks 2 | . 2 . Retrieve Components 2 | . 2 . Scanalyzer . | . . . Garrison Access Hacks . | . . . Unauthorized Hacks 3 | . 3 . Terminals 1 | . 1 . Botnet 1 | . 1 . Fabricators . | . . . Repair Stations . | . . . Recycling Units 2 | . 2 . Tunnel 2 | . 2 . Scanalyzers . | . . . Garrison Access . | . . . Data Cores Recovered . | . . . Used . | . . . Hacking Detections 5 | . 5 . Full Trace Events . | . . . Feedback Events . | . . . Feedback Blocked . | . . . Robot Schematics Acquired . | . . . Robots Built . | . . . Authchips . | . . . Time . | . . . Total Robot Build Rating . | . . . Part Schematics Acquired . | . . . Parts Built . | . . . Authchips . | . . . Time . | . . . Total Part Build Rating . | . . . Part Studies Acquired . | . . . Parts Repaired . | . . . Time . | . . . Parts Recycled . | . . . Recycled Matter . | . . . Retrieved Matter . | . . . Retrieved Components 19 | . 19 . Parts Scanalyzed . | . . . Part Schematics Acquired . | . . . Parts Damaged . | . . . Bothacking | -11 -10 -10 ------------ Run | Yrd Mat Sub Used RIF Installer . | . . . Robots Hacked . | . . . Non-combat . | . . . Combat . | . . . Robot Hacks Applied . | . . . Relay Couplers Released . | . . . Fabnet Peak Effective % . | . . . Robots Rewired . | . . . Allies Hacked . | . . . Hacks Repelled . | . . . Allies | -11 -10 -10 -------- Run | Yrd Mat Sub Total Allies . | . . . Largest Group . | . . . Highest-Rated Group . | . . . Highest-Rated Ally . | . . . Total Orders . | . . . Ally Attacks . | . . . Total Damage . | . . . Kills . | . . . Allies Corrupted . | . . . Allies Melted . | . . . Intel | -11 -10 -10 ------- Run | Yrd Mat Sub Active Infowar (turns) 480 | . 313 167 Optics 480 | . 313 167 Robot Analysis Total . | . . . Derelict Logs Recovered 1 | . . 1 Drone Launches . | . . . Drone Recoveries . | . . . Exploration | -11 -10 -10 ------------- Run | Yrd Mat Sub Turns Passed 3738 | 49 1212 2477 Spaces Moved 1856 | 33 648 1175 Core 15 | 15 . . Treads 1334 | . 159 1175 Legs 507 | 18 489 . Wheels . | . . . Hover . | . . . Flight . | . . . Fastest Speed 50 | 50 120 160 Average Speed 164 | 100 129 184 Slowest Speed 240 | 120 160 240 Overloaded Moves . | . . . Propulsion Burnouts . | . . . Robots Hopped . | . . . Potential Cave-ins . | . . . Cave-ins Triggered . | . . . Exploration Rate (%) 55 | 4 89 74 Regions Visited 2 Branch Regions 1 Pre-discovered Areas 3 | . 2 1 Known Exits Taken . | . . . Unknown Exits Taken 2 | 1 1 . Scrap Searched 2 | . . 2 Spaces Dug . | . . . Terrain Destroyed 73 | . 52 21 Melee . | . . . Projectile 6 | . . 6 AOE 67 | . 52 15 Terrain Rammed . | . . . Walls Destroyed . | . . . Machines Disabled . | . . . Actions | -11 -10 -10 --------- Run | Yrd Mat Sub Total 2292 | 47 900 1345 Wait 208 | . 153 55 Move 1854 | 32 647 1175 Hop . | . . . Pick Up 26 | 9 12 5 Fast Attach 9 | 3 2 4 Attach 7 | 3 1 3 Detach 1 | . . 1 Swap 19 | . 9 10 Drop 12 | . 8 4 Fire 148 | . 60 88 Melee . | . . . Ram . | . . . Kick 8 | . 8 . Crush . | . . . Escape Stasis . | . . . Rewire . | . . . Trap . | . . . Miscellaneous . | . . . Route ------- -11/Scrapyard -10/Materials (discovered 6 exits: [*Mat x3] / [*Min x2] / *Sub) -10/Subcaves History --------- Turn | Location | Event 23 | -11/Scrapyard | Discovered new exit (range 15) 50 | -11/Scrapyard | Entered Materials 241 | -10/Materials | Discovered new exit (range 13) 309 | -10/Materials | Build established: Mutant 377 | -10/Materials | Discovered new exit (range 15) 398 | -10/Materials | Discovered new exit (range 9) 472 | -10/Materials | Discovered new exit (range 15) 550 | -10/Materials | Derelicts attacked the area 820 | -10/Materials | Discovered new exit (range 18) 955 | -10/Materials | Discovered new exit (range 16) 1262 | -10/Materials | Entered Subcaves 1263 | -10/Subcaves | Approached by a straggling Scientist 1389 | -10/Subcaves | A swath of the cavern ceiling suddenly collapsed 1501 | -10/Subcaves | Disturbed a concealed Subdweller 1627 | -10/Subcaves | Shifting Twisted Machinery released Sub. Beam Cannon 1644 | -10/Subcaves | Core integrity fell below 50% 1741 | -10/Subcaves | Learned location of Zion (-7) 1794 | -10/Subcaves | Shifting Twisted Machinery released Sub. Machine Gun 1802 | -10/Subcaves | Shifting Twisted Machinery released Battle Cannon 2422 | -10/Subcaves | Visited 4L-MR0's lab 2546 | -10/Subcaves | Core integrity fell below 20% 3104 | -10/Subcaves | Shifting Twisted Machinery released Sub. Monowheel 3120 | -10/Subcaves | Shifting Twisted Machinery released Sub. Monowheel 3739 | -10/Subcaves | Destroyed by IQ-9ZJ(R) with Subdweller Machine Gun Last Messages --------------- 02985_ Acquired 10 matter. 02999_ Acquired Sub. Beam Cannon. Sub. Monowheel falls loose from the Twisted Machinery. 03346_ Y-45 Defender destroyed. 03350_ Hvy. Assault Rifle fries itself beyond repair. 03351_ Lgt. Treads fries itself beyond repair. 03366_ Acquired 10 matter. 03551_ Sub. Beam Cannon shoots sparks and powers down. 03556_ Lgt. Treads destroyed. 03564_ Critical hit (Destroy). 03564_ Lgt. Armor Plating destroyed. 03566_ FU-T18(R) destroyed. 03572_ Acquired Sub. Optics. 03577_ Acquired 30 matter. 03580_ Acquired Sub. Machine Gun. 03724_ Sub. Beam Cannon shoots sparks and powers down. 03728_ UY-NBH(R) knocked back. 03733_ Lgt. Treads destroyed. 03735_ Ion Engine destroyed. 03737_ UY-NBH(R) destroyed. Map ----- +----------------------------------------------------+ | ?????????????????????????????????????????????????? | | ?????????????????????????????????????????????????? | | ?????????????????????????????????????????????????? | | ?????????????????????????????????????????????????? | | ????????????????????????#????????????????????????? | | ??????????????????????? ##???????????????????????? | | ??????????????????????? ##??????????????????????? | | ??????????????????????? ##?????????????????????? | | ?????????????????????? #?????????????????????? | | ?????????????????????? #?????????????????????? | | ?????????????????????# ??????????????????????? | | ???????????????###### ???????????????????????? | | ??????????????? ??##????????????????????? | | ???????????????# ? ##???????????????????? | | ???????????????# ?? ????????????????????? | | ???????????????? ?? ?????????????????????? | | ???????????????? ? ? ##????????????????????? | | ????????????????# #????????????????????? | | ???????????????## ? #????????????????????? | | ???????????????? ??# #????????####???????## | | ???????????????## #### ########## #?????### | | ???????????????# # %# ## ##???## | | ???????????????## ## """ #?""""#???# | | ???????????????# #???? """ "#?#"" #???# | | ???????????????## ########"##"#### #??## | | ????????????????## # ##@# ""#"""% # #??# | | ?????????????????# &% """"" & ##?# | | ?????????????????# [%R ! ### | | ?????????????????# ##%###### # ## "# | | ?????????????????## #####????####### "% | | ??????????????????###??????????????#### " ## | | ??????????????????????????????????????#" " ## | | ?????????????????????????????????????##""%[ ## | | ?????????????????????????????????????# " ## | | ?????????????????????????????????????# " #### | | ????????????????????????????????????## " "#??# | | ????????????????????????????????????# "" ###??# | | ????????????????????????????????##### " #???? | | ????????????????????????????????# " #??? | | ???????????????????????????????## #??? | | #??????????????????????????????# ## #???## | | #??????????????????????????????# ##### ##????## | | #??????????????????????????????# #??? #?????? | | ???????????????????????????????# #### #?????? | | ???????????????????????????????# ######?????? | | ???????????????????????????????## # #??????????? | | ???????????????????????######??## ##??????????? | | #######?????????????####"" #??# #???????????? | | # # #?????????????# "" #### ##???????????? | | #??????????#### "" # #????????????? | +----------------------------------------------------+ Best States ------------- Heat Dissipation 39 Energy Generation 10 Energy Capacity 250 Matter Stores 300 Matter Capacity 300 Sight Range 21 Terrain Scan Density 10 Armor Coverage 150 Evasion (%) 55 Recoil Reduction 2 Item Schematics ----------------- None Robot Schematics ------------------ None Fabricated ------------ Nothing Repaired ---------- Nothing Studied --------- None Alien Tech Used ----------------- None Achievements -------------- None Challenges ------------ None Game ------ Seed ConceptZhirovProtection Manual? 0 Play Time 00:24:59 Cumulative 480.7 hours Start 2026.03.06 @ 09:55:01 End 2026.03.06 @ 10:16:41 Sessions 1 Manual Loads 0 Difficulty Rogue Special Mode None Game No. 231 Rogue 231 Adventurer 0 Explorer 0 Win Type - Total 14 Types 9/0/2/0/0/0/0/1/0/2 Lore% 86 Gallery% 81 Achievement% 67 Wizard Run 0 Options --------- Layout 0 ASCII 0 Keyboard 0 Movement Mouse Keybinds 0 Fullscreen 1 Font 18/SmallcapsGlow Map View 76x50 Zoom Use 0% Tactical HUD 1 Map Filters NONE Filters NONE Steam 1 RUN: baf4b1c4-1fbf-447c-a996-0808ec1f2e4a